Map: Torches LE

Players

LigerMaNN

  • Race: Zerg Zerg
  • League: Diamond
  • Spawn Location: 1:00

follaboyos - Winner!

  • Race: Terran Terran
  • League: Diamond
  • Spawn Location: 5:00

VOD

Have the link to the VOD?

Description

Time

  • Played on: June 4, 2025, 9:29 p.m.
  • Length: 4:49
Show
View Real Time Build Order
Export as new Build Order

LigerMaNN Zerg 

Build Orders: Hatch First 

Get SALT Encoding   

  12  0:01  Drone  
  13  0:14  Overlord  
  13  0:17  Drone  
  14  0:32  Drone x2  
  16  0:35  Drone  
  17  0:51  Hatchery  
  17  0:55  Drone  
  17  0:59  Drone  
  18  1:09  Extractor  
  17  1:15  Spawning Pool  
  17  1:17  Drone  
  17  1:21  Drone  
  18  1:29  Drone  
  19  1:48  Overlord  
  19  2:04  Zergling x6, Queen  
  19  2:05  Queen  
  26  2:13  Metabolic Boost  
  26  2:16  Drone  
  26  2:19  Drone  
  28  2:29  Drone x2  
  29  2:48  Hatchery  
  27  3:06  Drone x6  
  27  3:11  Queen  
  35  3:20  Lair  
  35  3:22  Drone  
  36  3:27  Overlord  
  36  3:32  Overlord  
  36  3:41  Overlord x2  
  35  3:52  Drone  
  35  3:53  Drone x4  
  40  4:01  Drone x2  
  42  4:10  Queen x2  
  42  4:12  Zergling x4  
  42  4:14  Zergling x2  
  41  4:35  Drone x4  
  41  4:36  Drone x5  
Show
View Real Time Build Order
Export as new Build Order

follaboyos Terran - Winner!

Build Orders: Reaper Expand 

Get SALT Encoding   

  12  0:11  SCV  
  13  0:21  Supply Depot  
  13  0:24  SCV  
  14  0:36  SCV  
  15  0:46  Barracks  
  15  0:48  Refinery, SCV  
  16  1:00  SCV  
  17  1:12  SCV  
  18  1:24  SCV  
  19  1:34  Reaper  
  19  1:36  Orbital Command  
  20  1:49  Command Center  
  20  2:05  SCV  
  20  2:07  Marine  
  22  2:11  Refinery, Supply Depot  
  22  2:17  Factory  
  22  2:21  SCV  
  23  2:35  Barracks Reactor  
  23  2:38  SCV  
  24  2:50  SCV  
  25  3:02  SCV  
  25  3:08  Starport  
  25  3:10  Orbital Command  
  25  3:14  SCV  
  25  3:15  Hellion  
  25  3:17  Hellion  
  30  3:27  Armory  
  30  3:37  Hellion, SCV  
  30  3:38  Hellion  
  35  3:44  Medivac  
  37  3:53  SCV x2  
  39  4:01  Hellion x2  
  43  4:05  SCV  
  43  4:07  Supply Depot  
  44  4:21  SCV x2  
  46  4:33  SCV x2  
Tags
 
Add a new tag
Caveats
  • Supply blocks, unpowered buildings, or Contaminate may cause inaccurate times.
  • Supply counts are checked every 10 seconds.